 Seeded DCSS version 0.31-a0-703-gcfe89afef6 (webtiles) character file.

Game seed: 5017591152642433436 (custom seed)

154 bmack86 the Chopper (level 5, -2/45 HPs)
             Began as a Minotaur Fighter on Sept 8, 2023.
             Was an Initiate of Okawaru.
             Slain by an iguana (7 damage)
             ... on level 4 of the Dungeon.
             The game lasted 00:03:40 (2515 turns).

bmack86 the Chopper (Minotaur Fighter)              Turns: 2515, Time: 00:03:42

Health: -2/45      AC: 11    Str: 23    XL:     5   Next: 13%
Magic:  4/4        EV:  8    Int:  5    God:    Okawaru [......]
Gold:   103        SH:  5    Dex: 12    Spells: 4/4 levels left

rFire   . . .        a - +0 war axe
rCold   . . .        c - +0 buckler
rNeg    . . .        f - +0 chain mail
rPois   +            (helmet restricted)
rElec   +            (no cloak)
rCorr   .            e - +1 pair of gloves of Boiling Hail {rElec rPois Dex+3}
SInv    .            (no boots)
Will    .....        (no amulet) Stlth
                     (no ring)
HPRegen 0.27/turn    (no ring)
MPRegen 0.09/turn

%: no passive effects
@: no status effects
A: horns 2, retaliatory headbutt
a: Renounce Religion


You were on level 4 of the Dungeon.
You worshipped Okawaru.
Okawaru was noncommittal.
You visited 1 branch of the dungeon, and saw 4 of its levels.

You collected 103 gold pieces.

Inventory:

Hand Weapons
 a - a +0 war axe (weapon)
Armour
 b - a +0 scale mail
 c - a +0 buckler (worn)
 e - the +1 pair of gloves of Boiling Hail (worn) {rElec rPois Dex+3}
   (You acquired it on level 1 of the Dungeon)

   Dex+3:     It affects your dexterity (+3).
   rElec:     It insulates you from electricity.
   rPois:     It protects you from poison
 f - a +0 chain mail (worn)
Jewellery
 n - an amulet of magic regeneration
Scrolls
 g - a scroll of poison {unknown}
 h - a scroll of silence {unknown}
 i - a scroll of teleportation {unknown}
 k - 4 scrolls of identify {unknown}
 l - a scroll of fog {unknown}
 o - a scroll of amnesia {unknown}
Potions
 d - a potion of might
 j - a potion of curing {unknown}
 m - a potion of magic {unknown}


   Skills:
 - Level 3.6 Fighting
 + Level 5.3 Axes
 - Level 3.6 Armour
 - Level 5.0 Shields
 + Level 1.0 Invocations


You had 4 spell levels left.
You didn't know any spells.
Your spell library contained the following spells:

 Spells                   Type           Power      Damage    Failure   Level
 Cigotuvi's Dreadful Rot  Necr/Pois/Air  0%         N/A       99%         2
 Ignite Poison            Fire/Tmut/Pois 0%         N/A       100%        3
 Freezing Cloud           Conj/Ice/Air   0%         6-21      100%        5
 Summon Small Mammal      Summ           Unusable   N/A       N/A         1
 Call Canine Familiar     Summ           Unusable   N/A       N/A         3
 Summon Guardian Golem    Hex/Summ       Unusable   N/A       N/A         3

Dungeon Overview and Level Annotations

Branches:
Dungeon (4/15)
 Temple: D:4-7

Altars:
Ashenzari
Kikubaaqudgha
Okawaru
Wu Jian
Yredelemnul

Shops:
D:3 [


Innate Abilities, Weirdness & Mutations

You have a pair of horns on your head.
You reflexively headbutt those who attack you in melee.


Message History

Unknown command.
The giant cockroach bites you. The iguana barely misses you.
The orc attacks as it pursues you!
The orc hits you with a +1 dagger of electrocution.
Things that are here:
a +0 hand axe; a +0 ring mail; an orc corpse Unknown command.
You barely miss the giant cockroach.
You headbutt the giant cockroach, but do no damage.
The giant cockroach is moderately wounded.
You barely miss the orc. You slash the iguana!
The giant cockroach barely misses you. You furiously retaliate!
You headbutt the giant cockroach!
You kill the giant cockroach!
Okawaru accepts your kill. The iguana bites you.
* * * LOW HITPOINT WARNING * * *
You block the orc's attack.
You slash the orc!
You kill the orc!
Okawaru accepts your kill.
You hit the orc. You hit the iguana but do no damage.
You block the iguana's attack. The orc barely misses you. The iguana bites you.
* * * LOW HITPOINT WARNING * * *
The orc hits you but does no damage.
You slash the orc priest!
The orc priest is almost dead.
You hit the orc. You hit the iguana.
The iguana bites you but does no damage.
The orc priest hits you with a +0 short sword.
* * * LOW HITPOINT WARNING * * *
The orc hits you with a +1 dagger of electrocution.
* * * LOW HITPOINT WARNING * * *
You closely miss the orc priest.
The orc priest is almost dead.
You slash the orc!
You kill the orc!
Okawaru accepts your kill.
You closely miss the iguana. The iguana bites you!
You die...

#.................... ..
..................#. ..#
......##......#.... ...#
......#.......#...##....
..##............>.......
..##.....##...$.....≈≈.≈
.#.#......##.........≈.≈
.##............†)l.§....
#...............@o.≈≈§..
#.....#........†##....§§
#....###.#.....#...≈≈...
..######.......#.#.≈....
..###........<..## (.≈.§
................?.. ≈≈§§
...............#..# ...§
.............###..# .
.............# .##


You could see an iguana and an orc priest.

Vanquished Creatures
  Natasha (thrice) (D:2)
  2 adders
  3 orcs (D:4)
  4 bats
  7 endoplasms
  3 giant cockroaches
  5 goblins
  4 hobgoblins
  7 jackals
  4 kobolds
  3 quokkas
  3 ball pythons
  3 frilled lizards
  3 rats (D:1)
54 creatures vanquished.

Notes
Turn   | Place    | Note
-------+----------+-------------------------------------------
     0 | D:1      | bmack86 the Minotaur Fighter began the quest for the Orb.
     0 | D:1      | Reached XP level 1. HP: 19/19 MP: 0/0
    98 | D:1      | Identified a scroll of acquirement
    98 | D:1      | Acquired the +1 pair of gloves of Boiling Hail {rElec rPois
                  | Dex+3}
   130 | D:1      | Reached XP level 2. HP: 26/26 MP: 1/1
   807 | D:2      | Noticed Natasha
   812 | D:2      | Killed Natasha
   813 | D:2      | Reached XP level 3. HP: 31/31 MP: 2/2
   952 | D:2      | Reached skill level 5 in Shields
  1256 | D:2      | Reached XP level 4. HP: 39/39 MP: 3/3
  1415 | D:2      | Noticed Natasha
  1424 | D:2      | Killed Natasha
  1461 | D:2      | Found a faded altar of an unknown god.
  1644 | D:2      | Noticed Natasha
  1654 | D:2      | Killed Natasha
  1655 | D:2      | Reached skill level 5 in Axes
  1872 | D:3      | Found an ancient bone altar of Kikubaaqudgha.
  1946 | D:3      | Found an iron altar of Okawaru.
  1952 | D:3      | Became a worshipper of Warmaster Okawaru
  2001 | D:3      | Found a broken altar of Ashenzari.
  2024 | D:3      | Found Erhownepn's Armour Emporium.
  2024 | D:3      | Noticed an animated plate armour
  2025 | D:3      | Noticed an animated crystal plate armour
  2222 | D:3      | Found a basalt altar of Yredelemnul.
  2492 | D:4      | Reached XP level 5. HP: 45/45 MP: 4/4
  2505 | D:4      | Found an ornate altar of the Wu Jian Council.
  2511 | D:4      | Reached skill level 1 in Invocations
  2515 | D:4      | Slain by an iguana

Illustrated notes

Levels and vault maps discovered:
D:1:      eino_arrival_water_star, layout_loops_ring
D:2:      layout_basic, shapermc_ecumenical_altar_mp_urbaneastern, uniq_natasha
D:3:      layout_basic, nicolae_overflow_crystal_walls, marbit_many_paths,
          mainiacjoe_overflow_24_doors, mainiacjoe_overflow_paths, serial_shops,
          nicolae_shop_mannequins
D:4:      layout_layer_cave, dancing_weapons_uskayaw,
          mainiacjoe_overflow_small_starburst, overflow_temple_1_default,
          fedhas_altar_decomposition, uniq_blork_the_orc

Skill      XL: |  1  2  3  4  5 |
---------------+----------------+-----
Shields        | 4 5 |  5.0
Axes           | 3 4 5 |  5.3
Invocations    | 1 |  1.0
Fighting       | |  3.6
Armour         | |  3.6

Action                     |  1- 3 |  4- 6 || total
---------------------------+-------+-------++-------
  Melee: War axe           |    60 |    47 ||   107
         Headbutt          |     4 |     7 ||    11
    Use: Scroll            |     1 |       ||     1
 Armour: Scale mail        |    19 |       ||    19
         Chain mail        |    36 |    49 ||    85
  Dodge: Dodged            |    37 |    26 ||    63
  Block: Buckler           |    24 |    17 ||    41

Table legend: (Time is in decaauts)
 A = Elapsed time spent in this place.
 B = Non-inter-level travel time spent in this place.
 C = Inter-level travel time spent in this place.
 D = Time resting spent in this place.
 E = Time spent auto-exploring this place.
 F = Levels seen in this place.
 G = Mean time per level.
                   A        B        C        D        E       F      G
               +--------+--------+--------+--------+--------+-----+--------+
         Total |   2551 |   2431 |    120 |      0 |   1906 |   4 |  637.8 |
       Dungeon |   2551 |   2431 |    120 |      0 |   1906 |   4 |  637.8 |
               +--------+--------+--------+--------+--------+-----+--------+

Top non-repeatable levels by time:
     D:2: 1079 daAuts
     D:1: 817 daAuts
     D:3: 532 daAuts
     D:4: 121 daAuts
